 Dungeon Crawl Stone Soup version 0.29-a0-384-g6960b1960d (webtiles) character file.

Game seed: 4112194794690716443

275 siradein the Grave Robber (level 6, -2/41 HPs)
             Began as a Mummy Necromancer on May 6, 2022.
             Killed from afar by Natasha (16 damage)
             ... with a puff of flame
             ... on level 2 of the Dungeon.
             The game lasted 00:04:02 (2530 turns).

siradein the Grave Robber (Mummy Necromancer)       Turns: 2530, Time: 00:04:02

Health: -2/41      AC:  2    Str: 11    XL:     6   Next: 3%
Magic:  6/14       EV: 16    Int: 17    God:
Gold:   109        SH:  0    Dex: 12    Spells: 12/16 levels left

rFire   x . .      SeeInvis +   e - +0 dagger
rCold   + . .      Faith    .   (no shield)
rNeg    + + +      Spirit   .   a - +0 robe
rPois   ∞          Reflect  .   (no helmet)
rElec   .          Harm     .   (no cloak)
rCorr   .          Rampage  .   (no gloves)
Will    .....                   (no boots)
Stlth   ++........              (no amulet)
HPRegen 0.13/turn               c - +4 ring of evasion
MPRegen 0.14/turn               f - ring of see invisible

@: very slightly contaminated
A: cold resistance 1, negative energy resistance 3, torment resistance 2, heat
vulnerability 1, in touch with death 1, no potions
a: no special abilities


You were on level 2 of the Dungeon.
You visited 1 branch of the dungeon, and saw 2 of its levels.

You collected 109 gold pieces.

Inventory:

Hand Weapons
 e - a +0 dagger (weapon)
Armour
 a - a +0 robe (worn)
Jewellery
 c - a +4 ring of evasion (left hand)
 f - a ring of see invisible (right hand)
Scrolls
 b - 2 scrolls of vulnerability {unknown}
 d - a scroll of enchant weapon {unknown}
 g - a scroll of blinking {unknown}
 h - a scroll of torment {unknown}
 i - a scroll of magic mapping {unknown}
 j - a scroll of fear {unknown}
 k - 2 scrolls of identify {unknown}
 l - 2 scrolls of teleportation {unknown}
 m - a scroll of immolation {unknown}


   Skills:
 - Level 1.5 Dodging
 - Level 1.5 Stealth
 + Level 5.8 Spellcasting
 + Level 5.9 Necromancy


You had 12 spell levels left.
You knew the following spells:

 Your Spells              Type           Power      Damage    Failure   Level
a - Pain                  Necr           100%       1d9       1%          1
b - Vampiric Draining     Necr           37%        2d8       3%          3

Your spell library contained the following spells:

 Spells                   Type           Power      Damage    Failure   Level
 Animate Skeleton         Necr           74%        N/A       1%          1
 Animate Dead             Necr           18%        N/A       12%         4
 Blink                    Tloc           8%         N/A       21%         2
 Agony                    Necr           37%        N/A       32%         5
 Lesser Beckoning         Tloc           4%         N/A       36%         3
 Manifold Assault         Tloc           4%         N/A       98%         5


Dungeon Overview and Level Annotations

Branches:
Dungeon (2/15)

Altars:

Annotations:
D:2 Natasha


Innate Abilities, Weirdness & Mutations

You are immune to poison.
Your flesh is cold resistant. (rC+)
You are immune to negative energy. (rN+++)
You are immune to unholy pain and torment.
You are vulnerable to heat. (rF-)
You are in touch with the powers of death.
You do not drink.


Message History

The crimson imp disappears in a puff of smoke!
You feel life coursing into your body.
You have reached level 6!
Done exploring.
Done exploring.
No target in view!
Level map cleared.
There is a stone staircase leading up here.
Things that are here:
a +0 club; 3 stones Natasha, Servant of Life and Death comes into view.
She is carrying a wand of flame (25).
Natasha hisses angrily.
Natasha is nearby!
Natasha is nearby!
Natasha is nearby!
You feel a surge of power!
Natasha barely resists.
Natasha zaps a wand.
The puff of flame hits you! The fire burns you terribly!
You feel a surge of power!
Natasha writhes in agony!
Natasha zaps a wand.
The puff of flame hits you! The fire burns you terribly!
You are too injured to fight recklessly!
You are too injured to fight recklessly!
You are too injured to fight recklessly!
Casting: Pain (safe; 1% risk of failure)
Confirm with . or Enter, or press ? or * to list all spells.
Aiming: Vampiric Draining (dangerous; 3% risk of failure)
Press: ? - help, Shift-Dir - straight line, f/p - Natasha
Aim: Natasha, carrying a wand of flame (23) (heavily wounded)
You feel a surge of power!
You miscast Vampiric Draining.
You are very lightly contaminated with residual magic.
Nothing appears to happen.
Natasha claws you!
* * * LOW HITPOINT WARNING * * *
Casting: Vampiric Draining (dangerous; 3% risk of failure)
Confirm with . or Enter, or press ? or * to list all spells.
Aiming: Vampiric Draining (dangerous; 3% risk of failure)
Press: ? - help, Shift-Dir - straight line, f/p - Natasha
Aim: Natasha, carrying a wand of flame (23) (heavily wounded)
You feel a surge of power!
You draw life force from Natasha.
You feel life coursing into your body.
Natasha zaps a wand.
The puff of flame hits you! The fire burns you terribly!
You die...

,*,* #.# #...#*,***,*,*,,,*,,
.#,* #.# #...#*,,,,,,,,,,,*,*
.#,* #.# #...######.#,*,*,,,,
>#,* #.# #..........#,*,***,*
.#,* #.# #..........#,*,* *,*
.#,* #.# #..)######.#,*,* *,*
.#,* #.######...#,..,,,*,*,***,*
.#.####..........#.#.##.,,,,,,*,*
.#......######.#@h....)),,*,*,*,*
.######.# #.###......,,,,,,,,*
..# #.# #.# *.!..#.***,,**** ..#
#.# #.# *,...#,***,,**** ..# #.#
#.# *,...#,,,,,,,,** ..## #.# #.#
*,,..#,,,,,,,,,, ...####.######.#
*,,..#*,,,,,>,** ...#...........*
*,,,,,,,,,,,,,,, ...#...........*
*,,,************


You could see Natasha.

Vanquished Creatures
  Sigmund (D:2)
  Natasha (twice) (D:2)
  3 adders (D:2)
  4 dart slugs
  2 ball pythons
  5 bats
  An endoplasm (D:1)
  2 giant cockroaches (D:2)
  4 goblins
  3 hobgoblins (D:1)
  3 jackals (D:2)
  3 kobolds
  A quokka (D:2)
  2 frilled lizards (D:2)
  6 rats
42 creatures vanquished.

Notes
Turn   | Place    | Note
-------+----------+-------------------------------------------
     0 | D:1      | siradein the Mummy Necromancer began the quest for the Orb.
     0 | D:1      | Reached XP level 1. HP: 13/13 MP: 4/4
   378 | D:1      | Reached XP level 2. HP: 19/19 MP: 3/6
  1105 | D:2      | Gained mutation: You are in touch with the powers of death.
                  | [Mummy growth]
  1105 | D:2      | Reached XP level 3. HP: 24/24 MP: 4/8
  1109 | D:2      | Learned a level 3 spell: Vampiric Draining
  1227 | D:2      | Noticed Natasha
  1233 | D:2      | Killed Natasha
  1234 | D:2      | Reached XP level 4. HP: 30/30 MP: 3/10
  1518 | D:2      | Reached skill level 5 in Necromancy
  1926 | D:2      | Noticed Sigmund
  1932 | D:2      | Killed Sigmund
  1933 | D:2      | Reached skill level 5 in Spellcasting
  1933 | D:2      | Reached XP level 5. HP: 35/35 MP: 5/13
  2143 | D:2      | Found a faded altar of an unknown god.
  2351 | D:2      | Noticed Natasha
  2362 | D:2      | Killed Natasha
  2363 | D:2      | Reached XP level 6. HP: 30/41 MP: 5/14
  2526 | D:2      | Noticed Natasha
  2530 | D:2      | Killed from afar by Natasha

Illustrated notes

Levels and vault maps discovered:
D:1:      saegor_arrival_simple_b, layout_rooms
D:2:      layout_basic, chequers_ecumenical_altar_simple_redux, uniq_sigmund,
          uniq_natasha

Skill      XL: |  1  2  3  4 |
---------------+-------------+-----
Spellcasting   | 3 4 5 |  5.8
Necromancy     | 5 |  5.9
Dodging        | |  1.5
Stealth        | |  1.5

Action                   |  1- 3 |  4- 6 || total
-------------------------+-------+-------++-------
Melee: Unarmed           |     6 |       ||     6
       Dagger            |     3 |       ||     3
 Cast: Pain              |    59 |    35 ||    94
       Vampiric Draining |       |     2 ||     2
Armor: Robe              |       |     1 ||     1
Dodge: Dodged            |    23 |     4 ||    27

Table legend: (Time is in decaauts)
 A = Elapsed time spent in this place.
 B = Non-inter-level travel time spent in this place.
 C = Inter-level travel time spent in this place.
 D = Time resting spent in this place.
 E = Time spent auto-exploring this place.
 F = Levels seen in this place.
 G = Mean time per level.
                   A        B        C        D        E       F      G
               +--------+--------+--------+--------+--------+-----+--------+
         Total |   2528 |   2493 |     35 |      0 |   2249 |   2 | 1264.0 |
       Dungeon |   2528 |   2493 |     35 |      0 |   2249 |   2 | 1264.0 |
               +--------+--------+--------+--------+--------+-----+--------+

Top non-repeatable levels by time:
     D:2: 1532 daAuts
     D:1: 995 daAuts
